 Dungeon Crawl Stone Soup version 0.31-b1-17-gcfd88c8481 (webtiles) character file.

Game seed: 11119422061642322387

81 Arctor the Vexing (level 4, -2/34 HPs)
             Began as a Gnoll Hexslinger on Jan 15, 2024.
             Killed by divine providence
             ... invoked by an orc priest
              (11 damage)
             ... on level 3 of the Dungeon.
             The game lasted 00:01:35 (1638 turns).

Arctor the Vexing (Gnoll Hexslinger)                Turns: 1638, Time: 00:01:36

Health: -2/34      AC:  3    Str:  7    XL:     4   Next: 40%
Magic:  8/8        EV: 14    Int: 13    God:
Gold:   87         SH:  0    Dex: 16    Spells: 9/9 levels left

rFire   . . .        a - +2 sling
rCold   . . .        g - orb {*channel}
rNeg    . . .        c - +0 robe
rPois   .            (no helmet)
rElec   .            (no cloak)
rCorr   .            m - +0 pair of gloves
SInv    .            (no boots)
Will    .....        (no amulet)
Stlth   ++           (no ring)
HPRegen 0.25/turn    (no ring)
MPRegen 0.11/turn

%: channel magic (20%)
@: no status effects
A: fangs 1, strong nose, distributed training
a: no special abilities


You were on level 3 of the Dungeon.
You visited 1 branch of the dungeon, and saw 3 of its levels.

You collected 87 gold pieces.

Inventory:

Hand Weapons
 a - a +2 sling (weapon)
Armour
 c - a +0 robe (worn)
 g - an orb of energy (worn)
 m - a +0 pair of gloves (worn)
Wands
 k - a wand of flame (14)
Scrolls
 b - 2 scrolls of poison
 h - 2 scrolls of teleportation
 i - a scroll of immolation {unknown}
 j - a scroll of noise
Potions
 d - a potion of curing
 e - a potion of attraction {unknown}
 f - 2 potions of brilliance {unknown}
 l - a potion of heal wounds {unknown}


   Skills:
 + Level 2.8 Fighting
 + Level 1.2 Short Blades
 + Level 1.2 Long Blades
 + Level 1.2 Axes
 + Level 1.2 Maces & Flails
 + Level 1.2 Polearms
 + Level 1.2 Staves
 + Level 4.6 Ranged Weapons
 + Level 1.2 Throwing
 + Level 1.2 Armour
 + Level 4.6 Dodging
 + Level 1.2 Stealth
 + Level 1.2 Shields
 + Level 1.2 Unarmed Combat
 + Level 3.0 Spellcasting
 + Level 1.0 Conjurations
 + Level 5.5 Hexes
 + Level 1.0 Summonings
 + Level 1.0 Necromancy
 + Level 1.0 Translocations
 + Level 2.2 Fire Magic
 + Level 1.0 Ice Magic
 + Level 1.0 Air Magic
 + Level 1.0 Earth Magic
 + Level 1.0 Alchemy
 + Level 1.3 Invocations
 + Level 1.2 Evocations
 + Level 1.1 Shapeshifting


You had 9 spell levels left.
You didn't know any spells.
Your spell library contained the following spells:

 Spells                   Type           Power      Damage    Failure   Level
 Jinxbite                 Hex            32%        N/A       12%         2
 Sigil of Binding         Hex            16%        N/A       19%         3
 Inner Flame              Hex/Fire       12%        N/A       32%         3
 Cause Fear               Hex            8%         N/A       45%         4
 Call Canine Familiar     Summ           4%         N/A       63%         3
 Ozocubu's Armour         Ice            4%         N/A       63%         3
 Dimensional Bullseye     Hex/Tloc       5%         N/A       73%         4
 Metabolic Englaciation   Hex/Ice        5%         N/A       95%         5
 Sculpt Simulacrum        Ice/Alch       2%         N/A       100%        6


Dungeon Overview and Level Annotations

Branches:
Dungeon (3/15)

Altars:
Okawaru
Zin


Innate Abilities, Weirdness & Mutations

You have very sharp teeth.
Your uncanny sense of smell can sniff out nearby items.
Your experience applies equally to all skills.


Message History

The ball python grabs you. The ball python constricts you.
You escape the ball python's grasp.
You shoot a sling bullet. The sling bullet hits the orc.
You kill the orc!
The ball python bites you but does no damage.
The ball python completely misses you.
You shoot a sling bullet.
The sling bullet closely misses the ball python.
The sling bullet closely misses the orc.
The ball python bites you but does no damage.
The ball python grabs you. The ball python constricts you.
The orc priest mumbles some strange prayers to Beogh against you.
Beogh smites you!
You shoot a sling bullet. The sling bullet hits the ball python.
You kill the ball python!
You shoot a sling bullet.
The sling bullet closely misses the orc.
The sling bullet barely misses the orc.
The orc priest calls upon Beogh to heal the orc.
The orc's wounds heal themselves!
An orc comes into view. It is wielding a +0 club.
The orc misses you.
The orc priest miscasts a cantrip.
The orc attacks as it pursues you! The orc hits you with a +0 dagger.
You shoot a sling bullet. The sling bullet barely misses the orc.
The orc closely misses you. x2
You shoot a sling bullet. The sling bullet barely misses the orc.
The orc barely misses you. The orc misses you. The orc closely misses you.
The orc hits you with a +0 dagger.
You shoot a sling bullet.
The sling bullet closely misses the orc.
The orc hits you with a +0 dagger. The orc barely misses you.
The orc closely misses you.
You shoot a sling bullet. The sling bullet barely misses the orc.
The orc closely misses you. The orc hits you with a +0 dagger.
The orc hits you with a +0 whip.
* * * LOW HITPOINT WARNING * * *
The orc priest invokes the aid of Beogh against you.
Beogh smites you!
You die... ... .o. #### #)# ##.... ##o.# #.....#.. .oo

#.####..####>#.#
####..........o..o#
.............###/##
#........#.oo@oo#
#......#....o####
####......#..##..#
.............###..#
####......##....#.#
####..<...#####.#.#
..........# .)#
#....†##.## .#
#.##.###.# #


You could see an orc priest and 5 orcs.

Vanquished Creatures
  An orc priest (D:3)
  2 dart slugs
  An orc (D:3)
  7 endoplasms
  A giant cockroach (D:1)
  A goblin (D:1)
  5 hobgoblins (D:1)
  2 jackals (D:1)
  4 kobolds
  2 quokkas
  5 ball pythons
  5 bats
  A frilled lizard (D:3)
  5 rats
42 creatures vanquished.

Notes
Turn   | Place    | Note
-------+----------+-------------------------------------------
     0 | D:1      | Arctor the Gnoll Hexslinger began the quest for the Orb.
     0 | D:1      | Reached XP level 1. HP: 17/17 MP: 4/4
    84 | D:1      | Reached XP level 2. HP: 23/23 MP: 5/5
   738 | D:1      | Reached XP level 3. HP: 28/28 MP: 7/7
  1067 | D:2      | Reached skill level 1 in Invocations
  1393 | D:2      | Reached skill level 1 in Short Blades
  1393 | D:2      | Reached skill level 1 in Long Blades
  1393 | D:2      | Reached skill level 1 in Axes
  1393 | D:2      | Reached skill level 1 in Maces & Flails
  1393 | D:2      | Reached skill level 1 in Polearms
  1393 | D:2      | Reached skill level 1 in Staves
  1393 | D:2      | Reached skill level 1 in Throwing
  1393 | D:2      | Reached skill level 1 in Armour
  1393 | D:2      | Reached skill level 1 in Stealth
  1393 | D:2      | Reached skill level 1 in Shields
  1393 | D:2      | Reached skill level 1 in Unarmed Combat
  1393 | D:2      | Reached skill level 1 in Evocations
  1583 | D:3      | Found an iron altar of Okawaru.
  1583 | D:3      | Found a glowing silver altar of Zin.
  1621 | D:3      | Reached skill level 1 in Conjurations
  1621 | D:3      | Reached skill level 1 in Summonings
  1621 | D:3      | Reached skill level 1 in Necromancy
  1621 | D:3      | Reached skill level 1 in Translocations
  1621 | D:3      | Reached skill level 1 in Ice Magic
  1621 | D:3      | Reached skill level 1 in Air Magic
  1621 | D:3      | Reached skill level 1 in Earth Magic
  1621 | D:3      | Reached skill level 1 in Alchemy
  1621 | D:3      | Reached skill level 1 in Shapeshifting
  1621 | D:3      | Reached XP level 4. HP: 34/34 MP: 8/8
  1638 | D:3      | Killed from afar by an orc priest

Illustrated notes

Levels and vault maps discovered:
D:1:      roderic_chinese_lattice_arrival, layout_basic
D:2:      layout_rooms, interstate_on_off
D:3:      layout_rooms, hangedman_ru_absence, bloody_makhleb,
          gammafunk_temple_overflow_statue, gammafunk_ghost_grave

Skill      XL: |  1  2  3 |
---------------+----------+-----
Fire Magic     | 2 |  2.2
Invocations    | 1 |  1.3
Short Blades   | 1 |  1.2
Long Blades    | 1 |  1.2
Axes           | 1 |  1.2
Maces & Flails | 1 |  1.2
Polearms       | 1 |  1.2
Staves         | 1 |  1.2
Throwing       | 1 |  1.2
Armour         | 1 |  1.2
Stealth        | 1 |  1.2
Shields        | 1 |  1.2
Unarmed Combat | 1 |  1.2
Evocations     | 1 |  1.2
Spellcasting   | 3 |  3.0
Conjurations   | 1 |  1.0
Summonings     | 1 |  1.0
Necromancy     | 1 |  1.0
Translocations | 1 |  1.0
Ice Magic      | 1 |  1.0
Air Magic      | 1 |  1.0
Earth Magic    | 1 |  1.0
Alchemy        | 1 |  1.0
Shapeshifting  | 1 |  1.1
Fighting       | |  2.8
Ranged Weapons | |  4.6
Dodging        | |  4.6
Hexes          | |  5.5

Action                     |  1- 3 |  4- 6 || total
---------------------------+-------+-------++-------
   Fire: Sling             |    98 |    14 ||   112
    Use: Scroll            |     4 |       ||     4
 Armour: Robe              |    11 |    10 ||    21
  Dodge: Dodged            |    16 |    14 ||    30
